 Dungeon Crawl Stone Soup version 0.27-a0-1532-gca18f49f40 (console) character file.

Game seed: 6677118754774118895

772 jejorda2 the Spear-Bearer (level 7, -1/84 HPs)
             Began as a Merfolk Berserker on July 12, 2021.
             Was a Priest of Trog.
             Succumbed to a water moccasin's poison
             ... on level 5 of the Dungeon.
             The game lasted 00:08:36 (5165 turns).

jejorda2 the Spear-Bearer (Merfolk Berserker)       Turns: 5165, Time: 00:08:37

Health: -1/84      AC: 23    Str: 19    XL:     7   Next: 83%
Magic:  7/7        EV:  2    Int:  7    God:    Trog [***...]
Gold:   103        SH:  0    Dex: 13    Spells: 6/6 levels left

rFire    . . .     SeeInvis .   a - +0 glaive
rCold    . . .     Faith    .   (shield currently unavailable)
rNeg     + + +     Spirit   .   (armour currently unavailable)
rPois    +         Reflect  .   (helmet currently unavailable)
rElec    .         Harm     .   (cloak currently unavailable)
rCorr    .         Rampage  .   (gloves currently unavailable)
Will     .....     NoTele   +   (boots currently unavailable)
Stlth    +.........             (no amulet)
HPRegen  0.24/turn              (no ring)
MPRegen  0.10/turn              (no ring)

@: brilliant, lethally poisoned (-1 -> -17), tree-form, studying Dodging
A: stationary, stasis, torment immunity, boosted hp, (nimble swimmer 2),
(mertail)
a: Renounce Religion, Berserk, Trog's Hand


You were on level 5 of the Dungeon.
You worshipped Trog.
Trog was most pleased with you.
You were a tree.
You visited 1 branch of the dungeon, and saw 5 of its levels.

You collected 239 gold pieces.
You spent 136 gold pieces at shops.

Inventory:

Hand Weapons
 a - a +0 glaive (weapon)
 b - a +0 trident
Missiles
 c - 9 poisoned darts
 h - 6 silver javelins (quivered)
 i - 4 boomerangs
 q - 10 javelins
Armour
 s - a +0 chain mail (melded)
 x - the +0 pair of boots "Riumey" (melded) {Drain rF+++ Will+++ Int-5}
   (You found it on level 4 of the Dungeon)

   Int:       It affects your intelligence (-5).
   rF:        It renders you almost immune to fire.
   Drain:     It drains your maximum health when unequipped.
   Will:      It greatly increases your willpower.
 C - a scarf of repulsion (melded)
Jewellery
 u - a +6 ring of dexterity
Wands
 t - a wand of charming (16)
 z - a wand of polymorph (6)
Scrolls
 d - 2 scrolls of blinking {unknown}
 l - a scroll of fog {unknown}
 o - 4 scrolls of amnesia {unknown}
 r - 4 scrolls of teleportation {unknown}
 v - a scroll of enchant weapon {unknown}
 w - a scroll of brand weapon {unknown}
 y - 6 scrolls of identify {unknown}
 B - a scroll of fear {unknown}
Potions
 e - a potion of lignification
 f - 2 potions of brilliance
 g - a potion of berserk rage {unknown}
 j - a potion of flight {unknown}
 k - 4 potions of curing {unknown}
 m - 2 potions of ambrosia {unknown}
 n - 2 potions of heal wounds {unknown}
 p - 2 potions of mutation {unknown}
 A - a potion of invisibility {unknown}
 D - a potion of might {unknown}


   Skills:
 + Level 5.5 Fighting
 * Level 9.2 Polearms
 + Level 3.2 Armour
 * Level 5.6 Dodging


You had 6 spell levels left.
You didn't know any spells.
Your spell library was empty.

Dungeon Overview and Level Annotations

Branches:
Dungeon (5/15)
 Temple: D:4-7

Altars:

Shops:
D:2 (=

Annotations:
D:3 2 transporters, Spectrina's ghost, weakling HuIE


Innate Abilities, Weirdness & Mutations

You are a tree.
Your roots penetrate the ground, keeping you stationary.
You cannot be teleported.
You are immune to unholy pain and torment.
Your maximum health is greatly increased.
Your equipment is partially melded.
((You are quick and stealthy near water. (Stealth+, EV+, Speed+++)))
((Your lower body shifts to a powerful aquatic tail in water.))


Message History

The water moccasin bites you but does no damage. x2
You barely miss the water moccasin.
The water moccasin is severely wounded.
You feel very sick. The water moccasin bites you.
You are more poisoned.
The water moccasin poisons you! The water moccasin closely misses you.
You closely miss the water moccasin.
The water moccasin is severely wounded.
You feel very sick.
The water moccasin bites you but does no damage. x2
You barely miss the water moccasin.
The water moccasin is severely wounded.
You feel very sick.
The water moccasin bites you but does no damage.
You barely miss the water moccasin.
The water moccasin is severely wounded.
You feel very sick.
The water moccasin bites you but does no damage.
The water moccasin closely misses you.
You miss the water moccasin.
The water moccasin is severely wounded.
You feel very sick. The water moccasin bites you!
* * * LOW HITPOINT WARNING * * *
You are more poisoned.
The water moccasin poisons you!
The water moccasin bites you but does no damage.
It was a potion of brilliance.
You feel clever all of a sudden.
* * * LOW HITPOINT WARNING * * *
You feel very sick. The water moccasin barely misses you.
It was a potion of lignification.
You turn into a tree.
Your scarf of repulsion melds into your body.
The +0 pair of boots "Riumey" {Drain rF+++ Will+++ Int-5} melds into your body.
Your +0 chain mail melds into your body.
The haze of the repulsion field disappears.
Your roots penetrate the ground.
You die...

......#....#.#....#.#.#
#....#.#.#........#.#
#..<............#.#
######.#####....#.#
#.#####.##.#.#
#.......##...#
#.......##.###
...#####.##.# # #♣# .#
#.S..# ######


You could see a water moccasin.

Vanquished Creatures
  An acid dragon (D:5)
  A scorpion (D:5)
  A centaur zombie (D:4)
  3 hounds (D:4)
  A jelly (D:5)
  A bullfrog skeleton (D:5)
  An orc priest (D:4)
  An iguana (D:3)
  Terence (D:2)
  3 orc wizards
  A hound zombie (D:5)
  6 adders
  4 gnolls (D:2)
  2 ufetubi (D:5)
  An adder zombie (D:2)
  3 worms
  A dart slug (D:4)
  9 orcs
  5 ball pythons
  A bat zombie (D:2)
  4 endoplasms (D:1)
  A giant cockroach (D:3)
  7 hobgoblins
  3 jackals (D:2)
  2 kobolds
  2 quokkas
  2 ball python zombies (D:2)
  6 bats
  5 frilled lizards
  4 goblins
  A jackal skeleton (D:2)
  2 quokka zombies (D:2)
  8 rats
94 creatures vanquished.

Vanquished Creatures (collateral kills)
  A sky beast (D:5)
1 creature vanquished.

Vanquished Creatures (others)
  3 withered plants (D:2)
3 creatures vanquished.

Grand Total: 98 creatures vanquished

Notes
Turn   | Place    | Note
-------+----------+-------------------------------------------
     0 | D:1      | jejorda2 the Merfolk Berserker began the quest for the Orb.
     0 | D:1      | Reached XP level 1. HP: 18/18 MP: 1/1
   279 | D:1      | Found a faded altar of an unknown god.
   368 | D:1      | Reached XP level 2. HP: 24/24 MP: 2/2
   548 | D:1      | Reached skill level 5 in Polearms
  1189 | D:2      | Found Kohag's Jewellery Shoppe.
  1225 | D:2      | Reached XP level 3. HP: 30/30 MP: 3/3
  1383 | D:2      | Found Xaurche's Book Emporium.
  1383 | D:2      | Found Ydifad's Antique Weapon Shop.
  1476 | D:2      | Reached ** piety under Trog
  1523 | D:2      | Reached XP level 4. HP: 37/37 MP: 4/4
  1527 | D:2      | Reached skill level 6 in Polearms
  2047 | D:2      | Noticed Terence
  2059 | D:2      | Killed Terence
  2060 | D:2      | Reached XP level 5. HP: 42/42 MP: 5/5
  2250 | D:3      | Noticed Spectrina's ghost (weakling HuIE)
  2254 | D:3      | Found a transporter.
  2257 | D:3      | Found a transporter.
  2725 | D:3      | Reached skill level 7 in Polearms
  3295 | D:4      | Reached XP level 6. HP: 48/49 MP: 6/6
  3315 | D:4      | Identified the +0 pair of boots "Riumey" {Drain rF+++
                  | Will+++ Int-5}
  3450 | D:4      | Reached *** piety under Trog
  3712 | D:4      | Reached skill level 8 in Polearms
  4081 | D:4      | Reached skill level 5 in Fighting
  4197 | D:5      | Entered Level 5 of the Dungeon
  4269 | D:2      | Bought a glaive for 136 gold pieces
  4347 | D:5      | Identified a scroll of acquirement
  4347 | D:5      | Acquired a manual of Dodging
  4364 | D:5      | Noticed a sky beast
  4369 | D:5      | Killed a sky beast
  4370 | D:5      | Reached XP level 7. HP: 56/56 MP: 7/7
  4728 | D:5      | Reached skill level 9 in Polearms
  4728 | D:5      | Reached skill level 5 in Dodging
  5164 | D:5      | HP: 2/56 [poisoned by a water moccasin]
  5165 | D:5      | Succumbed to a water moccasin's poison

Illustrated notes

Levels and vault maps discovered:
D:1:      onia_arrival_handbag, layout_loops_corners,
          shapermc_ecumenical_altar_petra, minmay_misc_feat_rugged
D:2:      layout_rooms, serial_undead, serial_undead_a, serial_undead_d,
          serial_undead_b, serial_undead_e, serial_shops, shop, shop,
          nicolae_shop_stone, minivault_4, kennysheep_path_1, uniq_terence
D:3:      layout_loops_corners, gammafunk_ghost_arena
D:4:      layout_loops_ring
D:5:      cheibrodos_barr_body, layout_basic, st_stairs_11,
          corexii_corridor_pit, serial_park_tiny_pond

Skill      XL: |  1  2  3  4  5  6  7 |
---------------+----------------------+-----
Polearms       | 5 6 7 8 9 |  9.2
Armour         | 2 3 |  3.2
Fighting       | 4 5 |  5.5
Dodging        | 3 5 |  5.6

Action                   |  1- 3 |  4- 6 |  7- 9 || total
-------------------------+-------+-------+-------++-------
Melee: Spear             |   110 |    63 |       ||   173
       Trident           |       |   147 |       ||   147
       Glaive            |       |    12 |    65 ||    77
Invok: Berserk           |     2 |     3 |     1 ||     6
  Use: Scroll            |       |     3 |       ||     3
       Potion            |       |       |     2 ||     2
Armor: Animal skin       |     1 |       |       ||     1
       Ring mail         |    20 |    17 |       ||    37
       Chain mail        |       |    78 |    41 ||   119
Dodge: Dodged            |    28 |    68 |    26 ||   122

Table legend: (Time is in decaauts)
 A = Elapsed time spent in this place.
 B = Non-inter-level travel time spent in this place.
 C = Inter-level travel time spent in this place.
 D = Time resting spent in this place.
 E = Time spent auto-exploring this place.
 F = Levels seen in this place.
 G = Mean time per level.
                   A        B        C        D        E       F      G
               +--------+--------+--------+--------+--------+-----+--------+
         Total |   5182 |   4993 |    189 |    404 |   3836 |   5 | 1036.4 |
       Dungeon |   5182 |   4993 |    189 |    404 |   3836 |   5 | 1036.4 |
               +--------+--------+--------+--------+--------+-----+--------+

Top non-repeatable levels by time:
     D:1: 1181 daAuts
     D:4: 1179 daAuts
     D:2: 1017 daAuts
     D:3: 919 daAuts
     D:5: 886 daAuts
